PCL
SAN JOSE MISSIONS @ SPOKANE TRAPPERS
07/23/2024
 
TOP OF THE 1ST
San Jose Missions batting - Pitching for Spokane Trappers : RHP Dustin Newman
Pitching: RHP Dustin Newman
Batting: RHB Luis Antonio Rosas 0-0: Fly out, F6 (Line Drive, 6)
Batting: RHB Madidou El Sayed 0-0: SINGLE (Groundball, 34S)
Batting: LHB Miguel Montés 0-0: Called Strike
0-1: Called Strike
0-2: Strikes out swinging
Batting: LHB John Foster 0-0: Ball
1-0: Foul Ball, location: 2F
1-1: Ball
2-1: Fly out, F6 (Popup, 5D)
Top of the 1st over - 0 run(s), 1 hit(s), 0 error(s), 1 left on base; San Jose 0 - Spokane 0
BOTTOM OF THE 1ST
Spokane Trappers batting - Pitching for San Jose Missions : LHP Dave Miller
Pitching: LHP Dave Miller
Batting: LHB Jaime Padilla 0-0: Ball
1-0: Ground out 6-3 (Groundball, 6)
Batting: RHB Pedro Rodríguez 0-0: Ball
1-0: Called Strike
1-1: Called Strike
1-2: SINGLE (Line Drive, 4MD)
Batting: SHB Esteban Silva 0-0: SINGLE (Groundball, 34D)
Pedro Rodríguez to second
Runner from 2nd tries for 3rd, SAFE, throw made to third
Batting: RHB Ramiro Ross 0-0: Called Strike
0-1: Foul Ball, location: 2F
0-2: Strikes out swinging
Batting: LHB Fernando Pérez 0-0: Ball
1-0: Ball
2-0: Called Strike
2-1: 3-RUN HOME RUN (Flyball, 8RD), Distance : 425 ft
Batting: RHB John Craig 0-0: Ball
1-0: SINGLE (Flyball, 8LM)
Batting: LHB José Feliciano 0-0: Ball
1-0: Fly out, F8 (Flyball, 8LS)
Bottom of the 1st over - 3 run(s), 4 hit(s), 0 error(s), 1 left on base; San Jose 0 - Spokane 3
TOP OF THE 2ND
San Jose Missions batting - Pitching for Spokane Trappers : RHP Dustin Newman
Batting: RHB Javier Ramírez 0-0: Ball
1-0: Called Strike
1-1: Called Strike
1-2: Ball
2-2: Ball
3-2: Base on Balls
Batting: RHB Artie Green 0-0: Fly out, F8 (Line Drive, 89D)
Batting: RHB José Martínez 0-0: Called Strike
0-1: Ball
1-1: Foul Ball, location: 2F
1-2: Strikes out swinging
Batting: RHB Bobby Brewster 0-0: Called Strike
0-1: Called Strike
0-2: Ball
1-2: Fly out, F9 (Flyball, 9M)
Top of the 2nd over - 0 run(s), 0 hit(s), 0 error(s), 1 left on base; San Jose 0 - Spokane 3
BOTTOM OF THE 2ND
Spokane Trappers batting - Pitching for San Jose Missions : LHP Dave Miller
Batting: LHB Pete Carter 0-0: Fly out, F7 (Flyball, 7D)
Batting: RHB Ernesto Acosta 0-0: Ball
1-0: Ball
2-0: Ball
3-0: Called Strike
3-1: Called Strike
3-2: Fly out, F8 (Flyball, 8RM)
Batting: LHB Jaime Padilla 0-0: SINGLE (Groundball, 4MD)
Batting: RHB Pedro Rodríguez 0-0: Ball
Jaime Padilla is caught stealing 2nd base
Bottom of the 2nd over - 0 run(s), 1 hit(s), 0 error(s), 0 left on base; San Jose 0 - Spokane 3
TOP OF THE 3RD
San Jose Missions batting - Pitching for Spokane Trappers : RHP Dustin Newman
Batting: RHB Elliott Rucker 0-0: Ball
1-0: Foul Ball, location: 2F
1-1: Foul Ball, location: 2F
1-2: Ball
2-2: Fly out, F8 (Flyball, 89M)
Batting: RHB Luis Antonio Rosas 0-0: Called Strike
0-1: Swinging Strike
0-2: Ground out U3 (Groundball, 3S)
Batting: RHB Madidou El Sayed 0-0: Foul Ball, location: 2F
0-1: Called Strike
0-2: Ball
1-2: Ball
2-2: Ground out 5-3 (Groundball, 56)
Top of the 3rd over - 0 run(s), 0 hit(s), 0 error(s), 0 left on base; San Jose 0 - Spokane 3
BOTTOM OF THE 3RD
Spokane Trappers batting - Pitching for San Jose Missions : LHP Dave Miller
Batting: RHB Pedro Rodríguez 0-0: Called Strike
0-1: Fly out, F2 (Popup, 3SF)
Batting: SHB Esteban Silva 0-0: Ball
1-0: Ball
2-0: Called Strike
2-1: Ground out 4-3 (Groundball, 4)
Batting: RHB Ramiro Ross 0-0: Ball
1-0: Swinging Strike
1-1: Ball
2-1: SOLO HOME RUN (Flyball, 7D), Distance : 359 ft
Batting: LHB Fernando Pérez 0-0: Ball
1-0: Ball
2-0: Foul Ball, location: 2F
2-1: Foul Ball, location: 2F
2-2: Fly out, F9 (Flyball, 89M)
Bottom of the 3rd over - 1 run(s), 1 hit(s), 0 error(s), 0 left on base; San Jose 0 - Spokane 4
TOP OF THE 4TH
San Jose Missions batting - Pitching for Spokane Trappers : RHP Dustin Newman
Batting: LHB Miguel Montés 0-0: Called Strike
0-1: Ball
1-1: Called Strike
1-2: Strikes out swinging
Batting: LHB John Foster 0-0: Foul Ball, location: 2F
0-1: Foul Ball, location: 2F
0-2: Ball
1-2: Foul Ball, location: 2F
1-2: SINGLE (Groundball, 34D)
Batting: RHB Javier Ramírez 0-0: Swinging Strike
0-1: Ball
1-1: Swinging Strike
1-2: Foul Ball, location: 2F
1-2: Fly out, F8 (Flyball, 89M)
Batting: RHB Artie Green 0-0: Ball
1-0: Fly out, F7 (Flyball, 7M)
Top of the 4th over - 0 run(s), 1 hit(s), 0 error(s), 1 left on base; San Jose 0 - Spokane 4
BOTTOM OF THE 4TH
Spokane Trappers batting - Pitching for San Jose Missions : LHP Dave Miller
Batting: RHB John Craig 0-0: Ball
1-0: Ball
2-0: Ball
3-0: Base on Balls
Batting: LHB José Feliciano 0-0: Foul Ball, location: 2F
0-1: Ball
1-1: Ball
2-1: Ball
3-1: Swinging Strike
3-2: Foul Ball, location: 2F
3-2: Strikes out swinging
John Craig is caught stealing 2nd base
Batter strikes out.
Batting: LHB Pete Carter 0-0: Ball
1-0: Called Strike
1-1: Foul Ball, location: 2F
1-2: Strikes out looking
Bottom of the 4th over - 0 run(s), 0 hit(s), 0 error(s), 0 left on base; San Jose 0 - Spokane 4
TOP OF THE 5TH
San Jose Missions batting - Pitching for Spokane Trappers : RHP Dustin Newman
Batting: RHB José Martínez 0-0: Ball
1-0: Called Strike
1-1: SINGLE (Line Drive, 34D)
Batting: RHB Bobby Brewster 0-0: Ball
1-0: Called Strike
1-1: Foul Ball, location: 2F
1-2: Ball
2-2: Strikes out swinging
Batting: RHB Elliott Rucker 0-0: Called Strike
0-1: Swinging Strike
0-2: Ball
1-2: Grounds into double play, 6-4-3 (Groundball, 6)
Top of the 5th over - 0 run(s), 1 hit(s), 0 error(s), 0 left on base; San Jose 0 - Spokane 4
BOTTOM OF THE 5TH
Spokane Trappers batting - Pitching for San Jose Missions : LHP Dave Miller
Batting: RHB Ernesto Acosta 0-0: Ground out 6-3 (Groundball, 6)
Batting: LHB Jaime Padilla 0-0: Called Strike
0-1: Swinging Strike
0-2: Strikes out swinging
Batting: RHB Pedro Rodríguez 0-0: Ball
1-0: Ground out 6-3 (Groundball, 6)
Bottom of the 5th over - 0 run(s), 0 hit(s), 0 error(s), 0 left on base; San Jose 0 - Spokane 4
TOP OF THE 6TH
San Jose Missions batting - Pitching for Spokane Trappers : RHP Dustin Newman
Batting: RHB Luis Antonio Rosas 0-0: Ball
1-0: Ball
2-0: DOUBLE (Line Drive, 89XD)
Pitching: RHP Edgardo Martínez
Batting: RHB Madidou El Sayed 0-0: Foul Ball, location: 2F
0-1: Swinging Strike
0-2: Foul Ball, location: 2F
0-2: Strikes out swinging
Batting: LHB Miguel Montés 0-0: Foul Ball, location: 2F
0-1: Ground out 4-3 (Groundball, 34)
Luis Antonio Rosas to third
Batting: LHB John Foster 0-0: Ball
1-0: Called Strike
1-1: Called Strike
1-2: Ball
2-2: Strikes out looking
Top of the 6th over - 0 run(s), 1 hit(s), 0 error(s), 1 left on base; San Jose 0 - Spokane 4
BOTTOM OF THE 6TH
Spokane Trappers batting - Pitching for San Jose Missions : LHP Dave Miller
Batting: SHB Esteban Silva 0-0: Called Strike
0-1: Ball
1-1: Ball
2-1: Foul Ball, location: 2F
2-2: Fly out, F3 (Line Drive, 3F)
Batting: RHB Ramiro Ross 0-0: Called Strike
0-1: Ground out 6-3 (Groundball, 6)
Batting: LHB Fernando Pérez 0-0: Foul Ball, location: 2F
0-1: Called Strike
0-2: Strikes out swinging
Bottom of the 6th over - 0 run(s), 0 hit(s), 0 error(s), 0 left on base; San Jose 0 - Spokane 4
TOP OF THE 7TH
San Jose Missions batting - Pitching for Spokane Trappers : RHP Edgardo Martínez
Batting: RHB Javier Ramírez 0-0: Ball
1-0: Called Strike
1-1: Called Strike
1-2: Strikes out swinging
Batting: RHB Artie Green 0-0: Called Strike
0-1: Swinging Strike
0-2: Strikes out looking
Batting: RHB José Martínez 0-0: Ball
1-0: Ball
2-0: Called Strike
2-1: Swinging Strike
2-2: Strikes out swinging
Top of the 7th over - 0 run(s), 0 hit(s), 0 error(s), 0 left on base; San Jose 0 - Spokane 4
BOTTOM OF THE 7TH
Spokane Trappers batting - Pitching for San Jose Missions : LHP Dave Miller
Batting: RHB John Craig 0-0: SINGLE (Groundball, 2L) (infield hit)
Batting: LHB José Feliciano 0-0: Ball
1-0: Foul Ball, location: 2F
1-1: Ground out 4-3 (Groundball, 4M)
John Craig to second
Batting: LHB Pete Carter 0-0: Fly out, F7 (Popup, 7S)
Pitching: LHP Robert Flannery
Batting: RHB Ernesto Acosta 0-0: Ball
1-0: Ball
2-0: Ball
3-0: Base on Balls
Batting: LHB Jaime Padilla 0-0: Ball
1-0: Called Strike
1-1: Called Strike
1-2: Fly out, F7 (Flyball, 7D)
Bottom of the 7th over - 0 run(s), 1 hit(s), 0 error(s), 2 left on base; San Jose 0 - Spokane 4
TOP OF THE 8TH
San Jose Missions batting - Pitching for Spokane Trappers : RHP Edgardo Martínez
Pitching: LHP Alberto Cabrera
Batting: RHB Bobby Brewster 0-0: Fly out, F1 (Popup, 15S)
Batting: RHB Elliott Rucker 0-0: Fly out, F3 (Line Drive, 34)
Batting: RHB Luis Antonio Rosas 0-0: Called Strike
0-1: Ball
1-1: Ground out 6-3 (Groundball, 6M)
Top of the 8th over - 0 run(s), 0 hit(s), 0 error(s), 0 left on base; San Jose 0 - Spokane 4
BOTTOM OF THE 8TH
Spokane Trappers batting - Pitching for San Jose Missions : LHP Robert Flannery
Batting: RHB Pedro Rodríguez 0-0: Ball
1-0: Ground out 6-3 (Groundball, 6)
Batting: SHB Esteban Silva 0-0: Ball
1-0: Ball
2-0: Called Strike
2-1: Ball
3-1: Ground out 5-3 (Groundball, 56)
Batting: RHB Ramiro Ross 0-0: Called Strike
0-1: Foul Ball, location: 2F
0-2: Ball
1-2: Ball
2-2: Ball
3-2: Base on Balls
Batting: LHB Fernando Pérez 0-0: Ball
1-0: Ball
2-0: Called Strike
2-1: Fly out, F8 (Flyball, 8RD)
Bottom of the 8th over - 0 run(s), 0 hit(s), 0 error(s), 1 left on base; San Jose 0 - Spokane 4
TOP OF THE 9TH
San Jose Missions batting - Pitching for Spokane Trappers : LHP Alberto Cabrera
Batting: RHB Madidou El Sayed 0-0: Called Strike
0-1: Swinging Strike
0-2: SINGLE (Line Drive, 9S)
Batting: LHB Miguel Montés 0-0: Ball
1-0: Ball
2-0: Ball
3-0: Ground out 5-3 (Groundball, 56S)
Madidou El Sayed to second
Batting: LHB John Foster 0-0: Ball
1-0: Called Strike
1-1: Swinging Strike
1-2: Strikes out swinging
Batting: RHB Javier Ramírez 0-0: Called Strike
0-1: Foul Ball, location: 2F
0-2: SINGLE (Line Drive, 89S)
Madidou El Sayed to third
Pitching: RHP Mike Pierce
Batting: RHB Artie Green 0-0: Ball
1-0: Foul Ball, location: 2F
Pickoff Throw to First - Error! E1
Madidou El Sayed scores
Javier Ramírez to second
1-1: Ball
2-1: Ball
3-1: Base on Balls
Batting: RHB José Martínez 0-0: SINGLE (Groundball, 4MD)
Javier Ramírez to third
Artie Green to second
Runner from 3rd tries for Home, SAFE, no throw or cutoff
Pinch Hitting: RHB Joe Broadhead 0-0: Ball
1-0: Called Strike
1-1: Foul Ball, location: 2F
1-2: Strikes out swinging
Top of the 9th over - 2 run(s), 3 hit(s), 1 error(s), 2 left on base; San Jose 2 - Spokane 4
This league is powered by Out of the Park Baseball, the baseball management simulation game for PC, Mac and Linux
Saturday, April 9th, 2016 - OOTP Baseball 16.8 Build 38